 Dungeon Crawl Stone Soup version 0.29.0-13-gc9e81de378 (webtiles) character file.

Game seed: 5791804266820572292

5 Malachi the Trooper (level 1, 0/11 HPs)
             Began as a Vine Stalker Fighter on Sept 7, 2022.
             Slain by a gnoll
             ... wielding a +0 flail
              (9 damage)
             ... on level 1 of the Dungeon.
             The game lasted 00:00:14 (200 turns).

Malachi the Trooper (Vine Stalker Fighter)           Turns: 200, Time: 00:00:14

Health: 0/11       AC: 10    Str: 18    XL:     1   Next: 80%
Magic:  0/2        EV:  9    Int:  8    God:
Gold:   16         SH:  4    Dex: 13    Spells: 0/0 levels left

rFire   . . .      SeeInvis .   a - +0 war axe
rCold   . . .      Faith    .   c - +0 buckler
rNeg    . . .      Spirit   +   b - +0 scale mail
rPois   .          Reflect  .   (no helmet)
rElec   .          Harm     .   (no cloak)
rCorr   .          Rampage  .   (no gloves)
Will    .....                   (no boots)
Stlth   ..........              (no amulet)
HPRegen 0.03/turn               e - +4 ring of protection
MPRegen 0.08/turn               (no ring)

@: no status effects
A: fangs 2, magic shield, antimagic bite, no potion heal 2
a: no special abilities


You were on level 1 of the Dungeon.
You visited 1 branch of the dungeon, and saw 1 of its levels.

You collected 16 gold pieces.

Inventory:

Hand Weapons
 a - a +0 war axe (weapon)
Armour
 b - a +0 scale mail (worn)
 c - a +0 buckler (worn)
Jewellery
 e - a +4 ring of protection (left hand)
Potions
 d - a potion of might


   Skills:
 + Level 2.8 Fighting
 + Level 1.9 Axes
 + Level 2.5 Armour
 + Level 2.7 Shields


You couldn't memorise any spells.
You didn't know any spells.
Your spell library was empty.

Dungeon Overview and Level Annotations

Branches:
Dungeon (1/15)

Altars:


Innate Abilities, Weirdness & Mutations

You have extremely sharp teeth.
When hurt, damage is shared between your health and your magic reserves.
Your bite disrupts and absorbs the magic of your enemies.
Potions cannot restore your health.


Message History

The ball python is moderately wounded.
The ball python bites you but does no damage.
The ball python constricts you. The ball python barely misses you.
The ball python constricts you.
You barely miss the ball python.
The ball python is moderately wounded.
The ball python bites you. The ball python constricts you.
The ball python closely misses you. The ball python constricts you.
You slash the ball python!
You kill the ball python!
No target in view!
No target in view!
No target in view!
No target in view!
No target in view!
Found a sling.
e - a +4 ring of protection
Found 5 stones.
You now have 16 gold pieces.
You see here a +0 sling.
Found a sling.
A bat comes into view.
A bat is nearby!
e - a +4 ring of protection (left hand)
Found a faded altar of an unknown god.
The bat barely misses you.
A goblin comes into view. It is wielding a +0 dagger.
The goblin shouts!
You hear an angry hiss.
You block the bat's attack.
A gnoll comes into view. It is wielding a +0 flail.
The gnoll shouts!
The bat hits you but does no damage. The bat hits you but does no damage.
You hit the bat. Your bite misses the bat.
The bat is severely wounded.
The bat barely misses you. The bat hits you but does no damage.
You slash the bat!
You kill the bat!
The goblin hits you with a +0 dagger. The gnoll hits you with a +0 flail!
Ouch! That really hurt!
You die...

# .#
############.###
##..............
#......#......#
#..#...#......#
#.)#...#..g...#.#
#........@......#
#....(....g.....#
#......#..#...#.#
#......#).#._.#
#..###.#..#...#
#...............
#..#..##### .#.#
##...## ....
##### ###.#######


You could see a gnoll and a goblin.

Vanquished Creatures
  An endoplasm (D:1)
  2 quokkas (D:1)
  A ball python (D:1)
  A bat (D:1)
5 creatures vanquished.

Notes
Turn   | Place    | Note
-------+----------+-------------------------------------------
     0 | D:1      | Malachi the Vine Stalker Fighter began the quest for the
                  | Orb.
     0 | D:1      | Reached XP level 1. HP: 11/11 MP: 2/2
   194 | D:1      | Found a faded altar of an unknown god.
   200 | D:1      | Slain by a gnoll

Illustrated notes

Levels and vault maps discovered:
D:1:      psy_arrival_whirlpool, layout_loops_cross,
          hellmonk_ecumenical_altar_lost_god, minmay_misc_feat_roman

Action                   || total
-------------------------++-------
Melee: War axe           ||    12
       Bite              ||     1
Armor: Scale mail        ||     8
Dodge: Dodged            ||     8
Block: Buckler           ||     2
